Cogmind - Beta 13 @@@ ROGUE MODE // 2024.06.25 @ 14:02:40 Player: Some Pennies Result: Destroyed by Lightning with EMDS Performance ------------- Evolutions (5) 2500 Regions Visited (22) 4400 Robots Destroyed (295) 1475 Value Destroyed (8652) 8652 Prototype IDs (94) 1880 Alien Tech Used (0) 0 Bonus (6003) 6003 TOTAL SCORE: 24910 Bonus ------- High Alert Combat Kills 916 Follower Combat Kills 3675 Network Hubs Disabled 800 Aligned with FarCom 300 Met Data Miner 300 Built Enhanced Grunts 300 A7 Reached Mainframe 300 Met R17 at Cetus 500 Friendly Fire -1088 Cogmind --------- Core Integrity 0/1000 Matter 242/300 Energy 28/100 System Corruption 14% Temperature Cool (0) Movement Core (50) Location -5/Hub_04(d) Parts ------- > --- POWER (1) -------- (None) > --- PROPULSION (5) --- (None) > --- UTILITY (9) ------ (None) > --- WEAPON (2) ------- (None) > --- INVENTORY (5) ---- Centrium Heavy Treads Makeshift ECM Suite Centrium Medium Armor Plating Impact Mace Peak State ------------ > --- POWER ------------ Quantum Reactor > --- PROPULSION ------- Armored Medium Treads Centrium Heavy Treads Centrium Heavy Treads > --- UTILITY ---------- Advanced Heat Sink Large Storage Unit Improved Target Analyzer Armor Integrity Analyzer Centrium Medium Armor Plating Improved Hacking Suite Advanced System Shield Improved System Restoration Module Improved System Restoration Module > --- WEAPON ----------- Advanced KE Penetrator Advanced KE Penetrator > --- INVENTORY -------- Quantum Reactor Centrium Heavy Treads YI-UF0's Bottomless Matter Pit Long-range Terrain Scanner Makeshift ECM Suite Improved Medium Armor Plating Layered Medium Armor Plating Centrium Medium Armor Plating Improved Powered Armor Advanced Variable Charge Gun Hypervelocity Gauss Cannon YI-UF0's Doublenader Advanced Datajack Impact Mace [Rating: 122] Favorites ----------- Power Ion Engine Engine Ion Engine Power Core Reinforced Fission Core Reactor Quantum Reactor Propulsion Light Treads Treads Light Treads Leg Improved Carbon-fiber Leg Wheel Compact Wheel Flight Unit Flying Fortress v7 Utility Large Storage Unit Device Advanced Heat Sink Storage Large Storage Unit Processor Advanced Visual Processing Unit Hackware Hacking Suite Protection Improved Medium Armor Plating Weapon Assault Rifle Energy Gun Medium Laser Energy Cannon Compact Ion Cannon Ballistic Gun Assault Rifle Ballistic Cannon Magnetic Acceleration Cannon Launcher YI-UF0's Doublenader Impact Weapon Powered Hammer Slashing Weapon Axe Special Melee Weapon Improved Datajack Build | -11 -10 -10 -10 -9 -8 -7 -7 -7 -7 -7 -7 -6 -6 -6 -6 -6 -5 -5 -5 -5 -5 -5 ------- Run | Yrd Mat Min Exi Min Mat Fac Was Fac Low Low Zio Pro Fac Low Low Dat Pro Fac Ext Cet Arc Hub Slots Evolved 10 | . . . . . 4 2 . . . . . . 2 . . . . 2 . . . . Power . | . . . . . . . . . . . . . . . . . . . . . . . Propulsion 3 | . . . . . 2 . . . . . . . . . . . . 1 . . . . Utility 7 | . . . . . 2 2 . . . . . . 2 . . . . 1 . . . . Weapon . | . . . . . . . . . . . . . . . . . . . . . . . Parts Attached 357 | 7 18 3 7 6 68 65 2 15 5 1 11 5 24 8 . 2 13 15 50 18 9 5 Power 31 | 1 2 2 . . 6 5 . 2 . . . . 2 1 . . 1 2 3 4 . . Engine 21 | 1 2 2 . . 6 4 . 2 . . . . 2 1 . . . 1 . . . . Core 6 | . . . . . . 1 . . . . . . . . . . 1 1 3 . . . Reactor 4 | . . . . . . . . . . . . . . . . . . . . 4 . . Propulsion 68 | 2 8 . 1 . 28 2 . 3 . . . . . 2 . . 2 5 12 3 . . Treads 46 | 1 8 . 1 . 21 . . . . . . . . 2 . . . . 10 3 . . Leg 9 | . . . . . 5 . . . . . . . . . . . 2 . 2 . . . Wheel 1 | 1 . . . . . . . . . . . . . . . . . . . . . . Hover . | . . . . . . . . . . . . . . . . . . . . . . . Flight 12 | . . . . . 2 2 . 3 . . . . . . . . . 5 . . . . Utility 119 | 2 2 . 1 3 15 30 . 5 1 1 7 4 7 4 . . 7 5 13 3 7 2 Device 46 | 1 . . . . 4 11 . 2 . 1 5 3 4 1 . . 3 1 5 . 4 1 Storage 6 | 1 1 . 1 1 1 1 . . . . . . . . . . . . . . . . Processor 8 | . 1 . . . 2 2 . . . . . . . 1 . . . 1 . 1 . . Hackware 10 | . . . . . . 2 . . . . . . 2 . . . . 2 . 1 2 1 Protection 49 | . . . . 2 8 14 . 3 1 . 2 1 1 2 . . 4 1 8 1 1 . Artifact . | . . . . . . . . . . . . . . . . . . . . . . . Weapon 139 | 2 6 1 5 3 19 28 2 5 4 . 4 1 15 1 . 2 3 3 22 8 2 3 Energy Gun 12 | 1 . . . . 4 3 . . . . 1 . 1 . . . . . 1 1 . . Energy Cannon 20 | . . 1 1 . 1 2 . . . . 1 . 5 1 . . 2 3 2 . . 1 Ballistic Gun 26 | 1 5 . 2 2 9 3 . . . . . . . . . . . . . 2 2 . Ballistic Cannon 38 | . . . . . 3 7 . 2 2 . . 1 3 . . 1 1 . 12 5 . 1 Launcher 10 | . 1 . . . 2 1 . 1 1 . . . 2 . . . . . 1 . . 1 Special Weapon . | . . . . . . . . . . . . . . . . . . . . . . . Impact Weapon 13 | . . . . . . 5 1 2 1 . 1 . 3 . . . . . . . . . Slashing Weapon 4 | . . . . . . 2 1 . . . . . . . . . . . 1 . . . Piercing Weapon . | . . . . . . . . . . . . . . . . . . . . . . . Special Melee Weapon 16 | . . . 2 1 . 5 . . . . 1 . 1 . . 1 . . 5 . . . Unidentified Prototypes 22 | . . . . . 4 6 1 1 . 1 . . 4 1 . . . . . 4 . . Corrupted Parts 3 | . . . . . . . . . . . . . . . . . . . . 3 . . System Corruption 14 | . . . . . . . . . . . . . . . . . . . . 14 . . Parts Lost 33 | . 3 . . 1 7 1 . . . . . 1 . 1 . . 4 5 7 . . 3 Power 6 | . 1 . . . 2 . . . . . . . . . . . . . 2 . . 1 Propulsion 9 | . 1 . . . 2 . . . . . . . . . . . 2 1 3 . . . Utility 12 | . . . . 1 2 1 . . . . . . . 1 . . 2 3 1 . . 1 Weapon 6 | . 1 . . . 1 . . . . . . 1 . . . . . 1 1 . . 1 Highest Loss Streak 3 | . 1 . . 1 3 1 . . . . . 1 . 1 . . 2 2 3 . . 3 To Critical Strikes . | . . . . . . . . . . . . . . . . . . . . . . . Average Slot Usage (%) 88 | . 97 100 100 99 96 75 76 76 76 64 61 66 76 84 86 86 87 70 93 93 87 83 Engine 7 | . 13 14 14 14 8 6 7 7 7 7 7 7 6 6 6 6 . . . . . . Treads 15 | . 24 28 28 28 29 . . . . . . . . 11 13 13 11 . 16 22 17 16 Leg 1 | . . . . . 4 . . . . . . . . . . . 7 2 . . . . Flight 3 | . . . . . . 6 7 7 7 7 7 7 6 . . . . 20 7 . . . Device 8 | . . . . . 7 13 7 7 7 7 7 10 12 13 13 13 13 14 14 14 11 4 Storage 8 | . 14 14 14 14 9 7 7 7 7 7 7 7 6 6 6 6 6 5 5 5 5 4 Processor 8 | . 13 14 14 1 9 8 7 7 7 7 7 7 6 9 13 13 9 6 8 10 11 10 Hackware 5 | . . . . . . 6 15 15 15 8 7 7 20 15 13 13 6 5 5 8 13 16 Protection 7 | . . . . 12 10 7 7 6 7 1 . 6 6 5 6 6 10 2 15 11 7 10 Energy Cannon 2 | . . 7 1 . 1 . . . . . . 7 4 6 6 6 6 3 . . . . Ballistic Gun 8 | . 19 20 16 26 14 1 . . . . . . . . . . . . . . 10 8 Ballistic Cannon 2 | . . . . . . . . 4 14 7 7 . . 6 6 5 5 1 9 10 . 1 Special Melee Weapon 1 | . . . 9 . . 5 7 4 . . . 2 . . . . . . 1 . . . Naked Turns 27 | . . . . . . . . . . . . . . . . . . . . . . 27 Heaviest Build 104 | 15 30 30 50 92 104 49 43 47 51 48 49 49 56 63 56 56 81 74 95 86 72 71 Greatest Support 187 | 20 40 40 40 40 92 50 50 50 50 50 50 50 50 56 56 56 56 40 119 187 187 187 Greatest Overweight (x) 14 | . 1 . 1 2 5 14 . 8 1 . . . 1 1 . . 2 7 3 1 . . Average Overweight (x) . | . . . . 1 . . . . . . . . . . . . . . . . . . Largest Inventory Capacity 25 | 8 15 15 20 25 25 15 15 15 15 15 15 15 15 15 15 15 15 15 15 15 15 15 Average Capacity 17 | 7 14 15 15 24 24 15 15 15 15 15 15 15 15 15 15 15 15 15 15 15 15 14 Most Carried 25 | 7 15 15 15 25 25 15 15 15 15 15 15 15 15 15 15 15 15 15 15 15 15 15 Average Carried 17 | 4 14 14 14 23 24 14 15 14 14 14 14 14 14 14 15 15 14 14 14 14 14 14 Final Capacity 25 | 8 15 15 20 25 15 15 15 15 15 15 15 15 15 15 15 15 15 15 15 15 15 5 Final Carried 25 | 7 15 15 15 25 15 15 15 15 15 15 15 15 15 15 15 15 14 15 15 15 15 5 Class Distribution -------------------- 43% | Mutant 35% | Scavenger-Mutant 19% | Hacker-Mutant Dominant Class ---------------- Mutant | -10/Materials Mutant | -10/Mines Mutant | -10/Exiles Mutant | -9/Mines Scavenger-Mutant | -8/Materials Mutant | -7/Factory Hacker-Mutant | -7/Waste Hacker-Mutant | -7/Factory Hacker-Mutant | -7/Lower Caves Mutant | -7/Lower Caves Mutant | -7/Zion Mutant | -6/Proximity Caves Hacker-Mutant | -6/Factory Hacker-Mutant | -6/Lower Caves Hacker-Mutant | -6/Lower Caves Hacker-Mutant | -6/Data Miner Scavenger-Mutant | -5/Proximity Caves Scavenger-Mutant | -5/Factory Scavenger-Mutant | -5/Extension Scavenger-Mutant | -5/Cetus Scavenger-Mutant | -5/Archives Scavenger-Mutant | -5/Hub_04(d) Resources | -11 -10 -10 -10 -9 -8 -7 -7 -7 -7 -7 -7 -6 -6 -6 -6 -6 -5 -5 -5 -5 -5 -5 ----------- Run | Yrd Mat Min Exi Min Mat Fac Was Fac Low Low Zio Pro Fac Low Low Dat Pro Fac Ext Cet Arc Hub Matter Collected 14840 | 274 439 90 . 720 2737 693 24 527 790 54 1595 907 1449 950 . . 468 218 1728 304 384 489 Remotely . | . . . . . . . . . . . . . . . . . . . . . . . Salvage Created 12013 | 137 875 292 . 644 2926 645 . 967 145 . . 266 600 218 . . 680 410 1209 266 145 1588 Parts 549 | 14 59 21 . 37 149 23 . 34 8 . . 7 21 6 . . 20 16 43 11 12 68 Haulers Intercepted 22 | . 2 . . . 6 2 . 4 . . . . 4 1 . . . . . . . 3 Recyclers Shooed 15 | . 2 . . . 8 1 . 1 . . . . . . . . . 1 2 . . . Parts Field Recycled . | . . . . . . . . . . . . . . . . . . . . . . . Retrieved Matter . | . . . . . . . . . . . . . . . . . . . . . . . Parts Self-Destructed 56 | . . . . . . . . . 9 . . 7 . 22 . . 18 . . . . . Prevented 3 | . . . . . . . . . 3 . . . . . . . . . . . . . Kills | -11 -10 -10 -10 -9 -8 -7 -7 -7 -7 -7 -7 -6 -6 -6 -6 -6 -5 -5 -5 -5 -5 -5 ------- Run | Yrd Mat Min Exi Min Mat Fac Was Fac Low Low Zio Pro Fac Low Low Dat Pro Fac Ext Cet Arc Hub Combat Hostiles Destroyed 160 | . 20 6 . 10 39 3 . 4 7 . . 3 7 2 . . 14 9 19 4 . 13 Melee 1 | . . . . . . . . . . . . . . . . . . . . . . 1 Guns 64 | . 18 3 . 10 29 . . . . . . . . . . . . . . . . 4 Cannons 62 | . . 3 . . 3 3 . 1 5 . . 3 4 2 . . 13 8 10 4 . 3 AOE 27 | . 2 . . . 7 . . 3 2 . . . 3 . . . . . 8 . . 2 Classes Destroyed 19 | 2 6 1 . 1 4 1 . . . . . . . . . . 1 . . . . 3 Worker 26 | . 3 4 . 1 4 2 . 2 . . . . . . . . . . . . . 10 Builder 15 | . . 1 . 1 1 1 . 4 . . . . 3 . . . . . 2 . . 2 Tunneler 11 | 4 1 . . 4 . . . . . . . . . . . . . . 1 . . 1 Hauler 22 | . 2 . . . 6 2 . 4 . . . . 4 1 . . . . . . . 3 Recycler 29 | 1 1 . . 1 11 4 . 6 . . . . . . . . . . 3 . . 2 Mechanic 1 | . 1 . . . . . . . . . . . . . . . . . . . . . Operator 12 | . . . . . 1 1 . 4 . . . . . . . . . . . . 4 2 Watcher 17 | . 2 . . . 4 3 . 3 . . . . . . . . . 1 1 . . 3 Swarmer 47 | . 9 3 . 4 11 . . 2 3 . . 3 1 . . . . 3 8 . . . Saboteur 1 | . . . . . . . . . . . . . . . . . . . . . . 1 Grunt 65 | . 11 3 . 4 14 1 . . 2 . . . 5 2 . . 12 1 4 . . 6 Brawler 7 | . . . . . 2 . . . . . . . 1 . . . 1 1 . . . 2 Duelist 3 | . . . . . 1 . . . 1 . . . . . . . . 1 . . . . Protector 2 | . . . . . . . . . . . . . . . . . . . . . . 2 Sentry 22 | . . . . 2 10 . . 2 . . . . . . . . . 1 6 . . 1 Specialist 1 | . . . . . . . . . . . . . . . . . . . . . . 1 Hunter 2 | . . . . . 1 . . . . . . . . . . . . . 1 . . . Programmer 5 | . . . . . . 2 . . 1 . . . . . . . . 2 . . . . Behemoth 1 | . . . . . . . . . . . . . . . . . 1 . . . . . Cetus Guard 4 | . . . . . . . . . . . . . . . . . . . . 4 . . Decomposer 1 | . . . . . . . . . . . . . . 1 . . . . . . . . Packrat 3 | . . . . . . . . . . . . 3 . . . . . . . . . . Thug 1 | . . . . . . . . . . . . . . . . . . . 1 . . . Best Kill Streak 20 | 3 5 5 . 7 4 5 . 6 3 . . 2 4 2 . . 4 6 10 2 2 20 Combat Bots Only 8 | . 3 4 . 6 4 1 . 3 3 . . 2 3 2 . . 4 6 8 2 . 4 Max Kills in Single Turn 17 | 1 2 1 . 1 4 1 . 3 2 . . 1 2 1 . . 1 1 4 1 1 17 Gunslinging . | . . . . . . . . . . . . . . . . . . . . . . . Exploded 4 | . 2 . . . 4 . . 1 2 . . . 2 . . . . . 4 . . 1 Melee 1 | . . . . . . . . . . . . . . . . . . . . . . 1 Uniques/NPCs Destroyed 1 | . . . . 1 . . . . . . . . . . . . . . . . . . YI-UF0 (-9/Mines) Combat | -11 -10 -10 -10 -9 -8 -7 -7 -7 -7 -7 -7 -6 -6 -6 -6 -6 -5 -5 -5 -5 -5 -5 -------- Run | Yrd Mat Min Exi Min Mat Fac Was Fac Low Low Zio Pro Fac Low Low Dat Pro Fac Ext Cet Arc Hub Hostile Shots Fired 952 | . 79 18 . 54 168 44 1 64 29 4 . 22 41 36 . . 136 70 67 2 4 113 Missed 321 | . 22 5 . 20 48 23 1 35 21 2 . 9 15 18 . . 32 21 14 2 1 32 Damage Taken 11850 | . 577 127 . 372 1822 368 . 304 237 26 . 322 435 337 . . 2099 995 1398 39 85 2307 Core 1826 | . 80 39 . 35 240 124 . 35 48 . . . 39 24 . . 139 149 143 . . 731 Absorbed by Shields 97 | . . . . . . . . . . . . . . . . . . . 84 13 . . Redirected to Shielding 191 | . . . . . 28 . . 20 52 . . . 91 . . . . . . . . . Ignored by Resistances 20 | . . . . . 20 . . . . . . . . . . . . . . . . . Regen/Repaired (Parts) 423 | . 172 . . . . 13 . . . . . . . . . . . 238 . . . . Core Remaining (%) 68 | 100 . . . 38 56 . . . . . . 70 . . . . 76 . . . . . Volleys Fired 703 | 11 85 17 . 42 172 21 . 17 29 . . 32 37 21 . . 45 26 71 6 28 43 Largest 2 | 2 2 2 . 2 2 2 . 2 2 . . 1 2 2 . . 2 2 2 2 2 2 Hottest 205 | 70 80 80 . 40 122 100 . 96 96 . . 90 160 143 . . 153 205 142 118 96 105 Shots Fired 1324 | 22 169 34 . 84 339 41 . 30 58 . . 32 49 43 . . 86 44 137 15 56 85 Gun 731 | 22 168 20 . 84 315 14 . . . . . . . . . . . . . . 51 57 Cannon 560 | . . 14 . . 21 27 . 26 52 . . 32 37 43 . . 86 44 134 15 5 24 Launcher 33 | . 1 . . . 3 . . 4 6 . . . 12 . . . . . 3 . . 4 Special . | . . . . . . . . . . . . . . . . . . . . . . . Kinetic 951 | 11 91 20 . 84 270 36 . 26 52 . . . 11 22 . . 40 7 130 15 56 80 Thermal 337 | 11 77 14 . . 66 5 . . . . . 32 26 21 . . 46 37 2 . . . Explosive 33 | . 1 . . . 3 . . 4 6 . . . 12 . . . . . 3 . . 4 Electromagnetic 3 | . . . . . . . . . . . . . . . . . . . 2 . . 1 Robot Hit Streak 25 | 6 11 7 . 25 14 14 . 6 7 . . 15 8 5 . . 9 9 9 3 17 8 Robot Miss Streak 9 | 2 3 3 . 4 6 5 . 3 9 . . 2 4 2 . . 3 6 6 2 7 8 Penetration Max 1 | . . . . . . . . 1 . . . . . . . . . . 1 . 1 1 Secondary Targets 12 | . 2 . . 4 6 . . . . . . . . . . . . . . . . . Max Gunslinging Chain 1 | . 1 . . 1 1 . . . . . . . . . . . . . . . . . Shots Hit Robots 889 | 15 113 18 5 63 215 46 . 31 32 . . 26 24 25 . 1 60 31 100 7 34 43 Core Hits 506 | 6 44 12 . 27 114 10 . 22 7 . . 6 54 8 . . 35 16 52 5 11 77 Critical Kills 25 | . . . . 1 . . . . . . . . . . . . 1 1 13 4 1 4 Critical Parts Destroyed 66 | . . . . . . 1 . 8 . . . . 1 . . . . . 32 4 6 14 Critical Strikes 119 | . 8 . . 1 4 1 . 10 3 . . . 2 . . . 3 1 53 8 7 18 Burn 12 | . 8 . . . 4 . . . . . . . . . . . . . . . . . Meltdown 3 | . . . . . . . . . . . . . . . . . 1 1 1 . . . Destroy 86 | . . . . 1 . . . . . . . . . . . . . . 52 8 7 18 Blast 8 | . . . . . . . . 2 3 . . . 1 . . . 2 . . . . . Smash 10 | . . . . . . 1 . 8 . . . . 1 . . . . . . . . . Melee Attacks 97 | . . . 5 1 . 33 . 19 . . . . 6 . . 1 . . 32 . . . Impact 39 | . . . . . . 14 . 19 . . . . 6 . . . . . . . . . Slashing 10 | . . . . . . 10 . . . . . . . . . . . . . . . . Piercing . | . . . . . . . . . . . . . . . . . . . . . . . Sneak Attacks 67 | . . . 5 1 . 17 . 10 . . . . 1 . . 1 . . 32 . . . Combat Hostiles 2 | . . . . . . 2 . . . . . . . . . . . . . . . . Follow-up Attacks . | . . . . . . . . . . . . . . . . . . . . . . . Damage Inflicted 27324 | 192 1580 285 . 749 4195 1715 . 2085 1067 . . 904 2079 773 . . 2209 1336 2282 215 938 4720 Guns 7917 | 192 1505 123 . 749 3453 117 . . . . . . . . . . . . . . 876 902 Cannons 10408 | . . 162 . . 348 421 . 488 788 . . 904 657 773 . . 2209 1336 1824 215 62 221 Explosions 6608 | . 75 . . . 394 . . 450 279 . . . 1355 . . . . . 458 . . 3597 Melee 2391 | . . . . . . 1177 . 1147 . . . . 67 . . . . . . . . . Ramming . | . . . . . . . . . . . . . . . . . . . . . . . Kinetic 11817 | 93 767 123 . 749 2915 463 . 488 788 . . . 178 379 . . 745 125 1728 215 938 1123 Thermal 6690 | 99 738 162 . . 886 75 . . . . . 904 673 394 . . 1464 1211 66 . . 18 Explosive 3410 | . 75 . . . 394 . . 450 279 . . . 1161 . . . . . 458 . . 593 Electromagnetic 3016 | . . . . . . . . . . . . . . . . . . . 30 . . 2986 Impact 2023 | . . . . . . 809 . 1147 . . . . 67 . . . . . . . . . Slashing 368 | . . . . . . 368 . . . . . . . . . . . . . . . . Piercing . | . . . . . . . . . . . . . . . . . . . . . . . Highest Corruption 19 | . . . . . . 4 . . . . . . . 3 3 3 3 5 5 19 19 11 Average Corruption 4 | . . . . . . 2 . . . . . . . 3 3 3 3 5 5 6 13 6 Corruption Purged 24 | . . . . . . 5 . . . . . . . . . . . . . . 19 . Corruption Blocked . | . . . . . . . . . . . . . . . . . . . . . . . Effects 137 | . . . . . . 2 . . . . . . . 12 4 6 31 12 43 13 14 . Message Errors 31 | . . . . . . . . . . . . . . 3 . 2 9 . 9 4 4 . Matter Fused 39 | . . . . . . 1 . . . . . . . 2 2 1 9 7 12 1 4 . Heat Flow Errors 16 | . . . . . . . . . . . . . . 3 . 1 4 1 5 1 1 . Energy Discharges 18 | . . . . . . 1 . . . . . . . 1 1 1 2 1 6 2 3 . Parts Rejected 2 | . . . . . . . . . . . . . . . . . . . 1 . 1 . Parts Fused 1 | . . . . . . . . . . . . . . . . . . . 1 . . . Data Loss (minor) 15 | . . . . . . . . . . . . . . 2 . . 6 3 4 . . . Data Loss (major) 5 | . . . . . . . . . . . . . . . . 1 . . 2 1 1 . Misfires 8 | . . . . . . . . . . . . . . 1 . . 1 . 3 3 . . Alerts 2 | . . . . . . . . . . . . . . . 1 . . . . 1 . . Overload Shots 16 | . . . . . . . . . . . . 5 3 . . . . 8 . . . . Effects 2 | . . . . . . . . . . . . . 2 . . . . . . . . . Heat Surge 1 | . . . . . . . . . . . . . 1 . . . . . . . . . Short Circuit 1 | . . . . . . . . . . . . . 1 . . . . . . . . . Overflow Damage 1936 | . . . . . 27 447 . 938 116 . . 47 100 25 . . . 83 26 . . 127 Projectiles 299 | . . . . . 14 . . 33 61 . . 47 12 25 . . . 83 16 . . 8 Explosions 228 | . . . . . 13 . . 10 55 . . . 21 . . . . . 10 . . 119 Melee 1409 | . . . . . . 447 . 895 . . . . 67 . . . . . . . . . Knockbacks 61 | . . . . . 1 4 . 8 14 . . . 1 4 . . 7 1 14 3 . 4 Impact 6 | . . . . . . 2 . 4 . . . . . . . . . . . . . . Kinetic 53 | . . . . . 1 2 . 4 14 . . . 1 4 . . 7 1 13 2 . 4 Secondary 2 | . . . . . . . . . . . . . . . . . . . 1 1 . . Self-Inflicted Damage 563 | . . . . . . . . 19 90 . . . . . . . . . . . . 454 Shots 11 | . . . . . . . . 1 2 . . . . . . . . . . . . 8 Rammed . | . . . . . . . . . . . . . . . . . . . . . . . Targets Rammed . | . . . . . . . . . . . . . . . . . . . . . . . Kicked . | . . . . . . . . . . . . . . . . . . . . . . . Crushed . | . . . . . . . . . . . . . . . . . . . . . . . Highest Temperature 463 | 45 196 189 . 6 62 33 . . 17 . . 240 125 170 . 57 463 210 222 113 169 72 Average Temperature 59 | 17 51 64 . 4 12 24 . . 9 . . 90 34 85 . 34 122 75 80 76 98 22 Received Heat Transfer 3380 | . 252 45 . 108 954 18 . 39 6 . . 36 150 108 . . 759 144 215 . 9 537 Effects 2 | . . . . . . . . . . . . . . . . . 2 . . . . . Shutdowns 1 | . . . . . . . . . . . . . . . . . 1 . . . . . Energy Bleed 1 | . . . . . . . . . . . . . . . . . 1 . . . . . Siege Activations . | . . . . . . . . . . . . . . . . . . . . . . . Robots Corrupted 3 | . . . . . . . . . . . . . . . . . . . . . . 3 Combat Hostiles 3 | . . . . . . . . . . . . . . . . . . . . . . 3 Parts Fried 43 | . . . . . . 4 . 22 . . . . 2 . . . . . . . . 15 Impact Corruptions 38 | . . . . . . 10 . 27 . . . . 1 . . . . . . . . . Robots Melted 3 | . . . . . . . . . . . . . . . . . 1 1 1 . . . Combat Hostiles 3 | . . . . . . . . . . . . . . . . . 1 1 1 . . . Parts Melted 19 | 1 4 2 . . 3 . . . . . . . 2 . . . 2 4 1 . . . Heat Transferred 11083 | 296 2664 333 . . 1850 111 . . . . . 1064 733 572 . . 1840 1470 100 . . 50 Parts Sabotaged 3 | . . . . . . . . . . . . . . . . . . . . . . 3 Parts Stolen . | . . . . . . . . . . . . . . . . . . . . . . . Parts Stripped . | . . . . . . . . . . . . . . . . . . . . . . . Power Chain Reactions 1 | . . . . . . . . . . . . . . . . . . . . . . 1 Alert | -11 -10 -10 -10 -9 -8 -7 -7 -7 -7 -7 -7 -6 -6 -6 -6 -6 -5 -5 -5 -5 -5 -5 ------- Run | Yrd Mat Min Exi Min Mat Fac Was Fac Low Low Zio Pro Fac Low Low Dat Pro Fac Ext Cet Arc Hub Peak Influence 2378 | 25 375 184 . 126 871 425 101 472 . . . . 750 . . . . 217 1012 730 516 2378 Initial 516 | . 16 30 . . . 393 81 70 . . . . 16 . . . . 44 55 516 212 110 Average 269 | 11 136 66 . 15 442 217 89 184 . . . . 325 . . . . 94 229 619 429 856 Maximum Alert Level 5 | . 1 . . . 3 2 . 2 . . . . 3 . . . . 1 3 3 2 5 Low Security (%) 57 | 100 79 100 . 100 29 49 100 64 . . . . 43 . . . . 98 68 . . 10 Level 1 13 | . 20 . . . 9 32 . 32 . . . . 18 . . . . 1 10 . 35 8 Level 2 18 | . . . . . 41 17 . 2 . . . . 16 . . . . . 9 91 64 7 Level 3 9 | . . . . . 19 . . . . . . . 20 . . . . . 11 8 . 50 Level 4 . | . . . . . . . . . . . . . . . . . . . . . . 17 Level 5 . | . . . . . . . . . . . . . . . . . . . . . . 5 High Security . | . . . . . . . . . . . . . . . . . . . . . . . Max Security . | . . . . . . . . . . . . . . . . . . . . . . . Squads Dispatched 55 | . 4 . . . 8 7 . 8 . . . . 12 . . . . 3 2 . . 11 Investigation 19 | . 3 . . . 4 1 . 5 . . . . 4 . . . . 1 1 . . . Extermination 5 | . . . . . . 2 . 2 . . . . . . . . . 1 . . . . Reinforcement 18 | . 1 . . . 2 1 . 1 . . . . 6 . . . . 1 1 . . 5 Assault 9 | . . . . . 1 . . . . . . . 2 . . . . . . . . 6 Garrison 4 | . . . . . 1 3 . . . . . . . . . . . . . . . . Intercept . | . . . . . . . . . . . . . . . . . . . . . . . Searches Triggered . | . . . . . . . . . . . . . . . . . . . . . . . Data Miner Redirects 4 | . . . . . . . . . . . . . . . . . . 1 . . . 3 Construction Impeded 5 | . . . . . 1 . . . . . . . 1 . . . . . 1 . . 2 Haulers Reinforced 4 | . . . . . . . . . . . . . 3 . . . . . . . . 1 Active Scanning Responses . | . . . . . . . . . . . . . . . . . . . . . . . Cargo Convoy Interrupts . | . . . . . . . . . . . . . . . . . . . . . . . Stealth | -11 -10 -10 -10 -9 -8 -7 -7 -7 -7 -7 -7 -6 -6 -6 -6 -6 -5 -5 -5 -5 -5 -5 --------- Run | Yrd Mat Min Exi Min Mat Fac Was Fac Low Low Zio Pro Fac Low Low Dat Pro Fac Ext Cet Arc Hub Distress Signals 15 | . 1 . . 2 2 2 . . . . . . . . . . . 1 2 2 . 3 Communications Jammed . | . . . . . . . . . . . . . . . . . . . . . . . Distress Signals . | . . . . . . . . . . . . . . . . . . . . . . . Times Spotted 381 | . 34 9 . 10 59 23 6 23 7 2 . 7 39 14 . . 14 12 34 10 21 57 Peak Tracking Total 20 | . 4 3 . 4 5 5 6 4 3 3 . 3 7 7 . . 4 5 9 5 2 20 Tactical Retreats 21 | . 1 . . . 1 7 1 2 . . . 1 1 1 . . . . 3 . . 3 Traps | -11 -10 -10 -10 -9 -8 -7 -7 -7 -7 -7 -7 -6 -6 -6 -6 -6 -5 -5 -5 -5 -5 -5 ------- Run | Yrd Mat Min Exi Min Mat Fac Was Fac Low Low Zio Pro Fac Low Low Dat Pro Fac Ext Cet Arc Hub Traps Triggered 21 | . 4 . . . 2 4 . 4 . . . . . . . . . 2 3 . . 2 Indirectly 2 | . . . . . . . . . . . . . . . . . . . . . . 2 Trap Hack Attempts 38 | . . . . . . . . 32 . . . . 6 . . . . . . . . . Triggered . | . . . . . . . . . . . . . . . . . . . . . . . Disarmed 7 | . . . . . . . . 6 . . . . 1 . . . . . . . . . Reprogrammed 11 | . . . . . . . . 5 . . . . . . . . . . . . . 6 Reused 3 | . . . . . . . . 3 . . . . . . . . . . . . . . Traps Extracted . | . . . . . . . . . . . . . . . . . . . . . . . Installed . | . . . . . . . . . . . . . . . . . . . . . . . Triggered 7 | . . . . . . . . 4 1 . . . . 2 . . . . . . . . Most Traps Carried 2 | . . . . 2 2 . . . . . . . . . . . . . . . . . Machines | -11 -10 -10 -10 -9 -8 -7 -7 -7 -7 -7 -7 -6 -6 -6 -6 -6 -5 -5 -5 -5 -5 -5 ---------- Run | Yrd Mat Min Exi Min Mat Fac Was Fac Low Low Zio Pro Fac Low Low Dat Pro Fac Ext Cet Arc Hub Machines Disabled 57 | . . 1 . . 3 2 . 10 . . . . 3 . . . . . 4 . 3 31 Max in Single Turn 18 | . . . . . 1 1 . 4 . . . . 3 . . . . . 1 . 1 18 Garrison Access 10 | . . . . . 1 2 . 3 . . . . 2 . . . . 1 . . . 1 Network Hub 4 | . . . . . . . . . . . . . . . . . . . . . . 4 Machines Repaired . | . . . . . . . . . . . . . . . . . . . . . . . Machines Dismantled . | . . . . . . . . . . . . . . . . . . . . . . . Machines Sabotaged . | . . . . . . . . . . . . . . . . . . . . . . . Overloaded Fab Kills . | . . . . . . . . . . . . . . . . . . . . . . . Hacking | -11 -10 -10 -10 -9 -8 -7 -7 -7 -7 -7 -7 -6 -6 -6 -6 -6 -5 -5 -5 -5 -5 -5 --------- Run | Yrd Mat Min Exi Min Mat Fac Was Fac Low Low Zio Pro Fac Low Low Dat Pro Fac Ext Cet Arc Hub Machines Accessed 110 | . 9 1 5 . 12 23 . 23 1 1 . . 11 3 . 4 . 5 3 3 . 6 Terminals 61 | . 6 . . . 8 15 . 14 . . . . 5 . . . . 1 3 3 . 6 Fabricators 9 | . . . . . . 2 . 3 . . . . 3 . . . . 1 . . . . Repair Stations 7 | . 1 . . . 2 2 . . . . . . . . . . . 2 . . . . Recycling Units 7 | . 2 . . . 1 2 . 2 . . . . . . . . . . . . . . Scanalyzers 3 | . . . . . 1 . . 1 . . . . 1 . . . . . . . . . Garrison Access 8 | . . . . . . 2 . 3 . . . . 2 . . . . 1 . . . . Total Hacks 381 | . 26 1 29 . 37 59 . 67 1 1 . . 43 12 . 30 . 16 6 10 . 43 Successful 256 | . 15 1 29 . 17 34 . 43 1 1 . . 30 12 . 30 . 11 1 6 . 25 Failed 124 | . 10 . . . 20 25 . 24 . . . . 13 . . . . 5 5 4 . 18 Catastrophic 13 | . 2 . . . 2 1 . 3 . . . . 2 . . . . . 1 . . 2 Database Lockouts 1 | . 1 . . . . . . . . . . . . . . . . . . . . . Manual 129 | . 10 . 1 . 16 22 . 20 . . . . 21 . . . . 4 5 2 . 28 Terminals 216 | . 17 . . . 25 42 . 50 . . . . 21 . . . . 2 6 10 . 43 Fabricators 28 | . . . . . . 6 . 6 . . . . 9 . . . . 7 . . . . Repair Stations 20 | . 5 . . . 6 3 . . . . . . . . . . . 6 . . . . Recycling Units 13 | . 4 . . . 2 3 . 4 . . . . . . . . . . . . . . Scanalyzers 16 | . . . . . 4 . . 2 . . . . 10 . . . . . . . . . Garrison Access 14 | . . . . . . 5 . 5 . . . . 3 . . . . 1 . . . . Terminal Hacks 167 | . 9 1 29 . 8 17 . 25 1 1 . . 7 12 . 30 . . 1 6 . 20 Record 55 | . . . 28 . . . . . . . . . . 10 . 11 . . . 5 . 1 Part Schematic 19 | . . . . . . 2 . 5 . . . . 1 . . 10 . . . . . 1 Robot Schematic 8 | . . . . . . 1 . 1 . . . . . . . 6 . . . . . . Robot Analysis 10 | . 3 . . . 3 1 . 1 . . . . 1 . . . . . . . . 1 Prototype ID Bank 12 | . 1 . . . . 3 . 4 . . . . . . . 3 . . . . . 1 Open Door 6 | . . 1 . . . . . . 1 1 . . . 2 . . . . . 1 . . Open DSF 1 | . . . . . . 1 . . . . . . . . . . . . . . . . Level Access Points 1 | . . . . . . . . 1 . . . . . . . . . . . . . . Branch Access Points 2 | . . . . . . 1 . . . . . . . . . . . . . . . 1 Emergency Access Points 9 | . 1 . . . 3 1 . 2 . . . . . . . . . . . . . 2 Terminal Index 5 | . . . . . . 2 . 1 . . . . 1 . . . . . . . . 1 Fabricator Index 1 | . . . . . . . . . . . . . . . . . . . . . . 1 Recycling Unit Index 2 | . . . . . . . . 1 . . . . . . . . . . . . . 1 Alert Level 3 | . . . . . . 1 . . . . . . . . . . . . . . . 2 Unreport Threat 10 | . 1 . . . . . . 1 . . . . 3 . . . . . 1 . . 4 Locate Traps 10 | . 2 . . . 1 3 . 2 . . . . . . . . . . . . . 2 Disarm Traps 1 | . . . . . . . . 1 . . . . . . . . . . . . . . Reprogram Traps 1 | . . . . . . . . . . . . . . . . . . . . . . 1 Patrol Status 1 | . . . . . . . . 1 . . . . . . . . . . . . . . Recall Extermination 1 | . . . . . . . . 1 . . . . . . . . . . . . . . Hauler Manifests 1 | . . . . . . . . 1 . . . . . . . . . . . . . . Registered Prototypes 1 | . 1 . . . . . . . . . . . . . . . . . . . . . Zone Layout 6 | . . . . . 1 1 . 2 . . . . 1 . . . . . . . . 1 Derelict Proto ID Bank 1 | . . . 1 . . . . . . . . . . . . . . . . . . . Fabricator Hacks 17 | . . . . . . 2 . 4 . . . . 6 . . . . 5 . . . . Network Status 3 | . . . . . . 1 . 1 . . . . 1 . . . . . . . . . Load Schematic 8 | . . . . . . . . 1 . . . . 4 . . . . 3 . . . . Build 6 | . . . . . . 1 . 2 . . . . 1 . . . . 2 . . . . Repair Station Hacks 10 | . 4 . . . 1 2 . . . . . . . . . . . 3 . . . . Scan Component 6 | . 2 . . . 1 1 . . . . . . . . . . . 2 . . . . Repair 4 | . 2 . . . . 1 . . . . . . . . . . . 1 . . . . Recycling Unit Hacks 4 | . 1 . . . 1 . . 2 . . . . . . . . . . . . . . Retrieve Components 4 | . 1 . . . 1 . . 2 . . . . . . . . . . . . . . Scanalyzer 16 | . . . . . 4 . . 2 . . . . 10 . . . . . . . . . Insert Component 7 | . . . . . 2 . . 1 . . . . 4 . . . . . . . . . Analyze 9 | . . . . . 2 . . 1 . . . . 6 . . . . . . . . . Garrison Access Hacks 8 | . . . . . . 2 . 3 . . . . 2 . . . . 1 . . . . Seal Access 8 | . . . . . . 2 . 3 . . . . 2 . . . . 1 . . . . Unauthorized Hacks 34 | . 1 . . . 3 11 . 7 . . . . 5 . . . . 2 . . . 5 Terminals 24 | . . . . . 3 9 . 4 . . . . 2 . . . . 1 . . . 5 Assimilate 7 | . . . . . 1 4 . 1 . . . . . . . . . . . . . 1 Botnet 15 | . . . . . 2 4 . 3 . . . . 2 . . . . 1 . . . 3 Operators 2 | . . . . . . 1 . . . . . . . . . . . . . . . 1 Fabricators 6 | . . . . . . . . 2 . . . . 3 . . . . 1 . . . . Prioritize 2 | . . . . . . . . . . . . . 1 . . . . 1 . . . . Haulers 1 | . . . . . . . . 1 . . . . . . . . . . . . . . Recompile 3 | . . . . . . . . 1 . . . . 2 . . . . . . . . . Repair Stations 1 | . . . . . . 1 . . . . . . . . . . . . . . . . Mechanics 1 | . . . . . . 1 . . . . . . . . . . . . . . . . Recycling Units 3 | . 1 . . . . 1 . 1 . . . . . . . . . . . . . . Recyclers 2 | . . . . . . 1 . 1 . . . . . . . . . . . . . . Tunnel 1 | . 1 . . . . . . . . . . . . . . . . . . . . . Scanalyzers . | . . . . . . . . . . . . . . . . . . . . . . . Garrison Access . | . . . . . . . . . . . . . . . . . . . . . . . Data Cores Recovered 1 | . . . . . . . . 1 . . . . . . . . . . . . . . Used 1 | . . . . . . . . 1 . . . . . . . . . . . . . . Hacking Detections 75 | . 8 . . . 11 17 . 18 . . . . 7 . . . . 4 3 2 . 5 Full Trace Events 14 | . 2 . . . 4 1 . 3 . . . . 2 . . . . 1 1 . . . Feedback Events . | . . . . . . . . . . . . . . . . . . . . . . . Feedback Blocked . | . . . . . . . . . . . . . . . . . . . . . . . Robot Schematics Acquired 8 | . . . . . . 1 . 1 . . . . . . . 6 . . . . . . Robots Built . | . . . . . . . . . . . . . . . . . . . . . . . Authchips . | . . . . . . . . . . . . . . . . . . . . . . . Time . | . . . . . . . . . . . . . . . . . . . . . . . Total Robot Build Rating . | . . . . . . . . . . . . . . . . . . . . . . . Part Schematics Acquired 26 | . . . . . 2 2 . 6 . . . . 5 . . 10 . . . . . 1 Parts Built 7 | . . . . . . 1 . 3 . . . . 1 . . . . 2 . . . . Authchips 2 | . . . . . . . . . . . . . . . . . . 2 . . . . Time 374 | . . . . . . 106 . 151 . . . . 33 . . . . 84 . . . . Total Part Build Rating 34 | . . . . . . 6 . 12 . . . . 4 . . . . 12 . . . . Parts Repaired 4 | . 2 . . . . 1 . . . . . . . . . . . 1 . . . . Time 106 | . 52 . . . . 26 . . . . . . . . . . . 28 . . . . Parts Recycled . | . . . . . . . . . . . . . . . . . . . . . . . Recycled Matter . | . . . . . . . . . . . . . . . . . . . . . . . Retrieved Matter . | . . . . . . . . . . . . . . . . . . . . . . . Retrieved Components 23 | . 3 . . . 9 . . 11 . . . . . . . . . . . . . . Parts Scanalyzed 7 | . . . . . 2 . . 1 . . . . 4 . . . . . . . . . Part Schematics Acquired 7 | . . . . . 2 . . 1 . . . . 4 . . . . . . . . . Parts Damaged 2 | . . . . . . . . 1 . . . . 1 . . . . . . . . . Bothacking | -11 -10 -10 -10 -9 -8 -7 -7 -7 -7 -7 -7 -6 -6 -6 -6 -6 -5 -5 -5 -5 -5 -5 ------------ Run | Yrd Mat Min Exi Min Mat Fac Was Fac Low Low Zio Pro Fac Low Low Dat Pro Fac Ext Cet Arc Hub Used RIF Installer . | . . . . . . . . . . . . . . . . . . . . . . . Robots Hacked 13 | . . . 5 1 . 4 . . . . . . . . . 1 . . 2 . . . Non-combat 8 | . . . 3 . . 4 . . . . . . . . . . . . 1 . . . Combat 5 | . . . 2 1 . . . . . . . . . . . 1 . . 1 . . . Robot Hacks Applied 16 | . . . 5 1 . 6 . . . . . . . . . 1 . . 3 . . . parse_system 10 | . . . 5 1 . 2 . . . . . . . . . 1 . . 1 . . . no_distress 2 | . . . . . . 1 . . . . . . . . . . . . 1 . . . find_chute 1 | . . . . . . 1 . . . . . . . . . . . . . . . . find_recycling 2 | . . . . . . 1 . . . . . . . . . . . . 1 . . . check_alert 1 | . . . . . . 1 . . . . . . . . . . . . . . . . Relay Couplers Released 5 | . . . . . 2 . . . . . . . . . . . . . . . . 3 Machine Destruction 5 | . . . . . 2 . . . . . . . . . . . . . . . . 3 Fabnet Peak Effective % . | . . . . . . . . . . . . . . . . . . . . . . . Robots Rewired 21 | . . . . . . 1 . . . . . . . . . . . . 20 . . . Allies Hacked . | . . . . . . . . . . . . . . . . . . . . . . . Hacks Repelled . | . . . . . . . . . . . . . . . . . . . . . . . Allies | -11 -10 -10 -10 -9 -8 -7 -7 -7 -7 -7 -7 -6 -6 -6 -6 -6 -5 -5 -5 -5 -5 -5 -------- Run | Yrd Mat Min Exi Min Mat Fac Was Fac Low Low Zio Pro Fac Low Low Dat Pro Fac Ext Cet Arc Hub Total Allies 48 | . . 3 . 3 1 3 . 1 . . 5 1 . . . . . . 25 5 . 1 Largest Group 14 | . . 3 . 3 3 1 1 1 . . 5 6 3 1 . . . . 14 8 7 6 Highest-Rated Group 643 | . . 70 . 40 40 26 26 10 . . 140 239 163 94 . . . . 558 643 643 497 Highest-Rated Ally 159 | . . 31 . 16 16 26 26 10 . . 39 99 99 94 . . . . 159 159 146 96 Total Orders . | . . . . . . . . . . . . . . . . . . . . . . . Ally Attacks 488 | . . 28 . . 19 4 . . . . . 53 52 14 . . . . 135 45 25 113 Total Damage 13797 | . . 441 . . 187 76 . . . . . 1128 2266 850 . . . . 2714 908 1094 4133 Kills 112 | . . 6 . . 3 . . . . . . 4 26 10 . . . . 26 7 4 26 Allies Corrupted 2 | . . . . . . . . . . . . . . . . . . . . . . 2 Allies Melted . | . . . . . . . . . . . . . . . . . . . . . . . Intel | -11 -10 -10 -10 -9 -8 -7 -7 -7 -7 -7 -7 -6 -6 -6 -6 -6 -5 -5 -5 -5 -5 -5 ------- Run | Yrd Mat Min Exi Min Mat Fac Was Fac Low Low Zio Pro Fac Low Low Dat Pro Fac Ext Cet Arc Hub Robot Analysis Total 10 | . 3 . . . 3 1 . 1 . . . . 1 . . . . . . . . 1 Derelict Logs Recovered 13 | . . 1 . 2 . . . . 2 2 1 1 . 2 . . 2 . . . . . Drone Launches . | . . . . . . . . . . . . . . . . . . . . . . . Drone Recoveries . | . . . . . . . . . . . . . . . . . . . . . . . Exploration | -11 -10 -10 -10 -9 -8 -7 -7 -7 -7 -7 -7 -6 -6 -6 -6 -6 -5 -5 -5 -5 -5 -5 ------------- Run | Yrd Mat Min Exi Min Mat Fac Was Fac Low Low Zio Pro Fac Low Low Dat Pro Fac Ext Cet Arc Hub Turns Passed 24455 | 139 1571 1272 629 2172 4707 2143 101 1489 662 189 596 603 935 969 104 163 1704 579 2041 478 566 643 Spaces Moved 17938 | 90 763 735 368 629 1683 3491 169 2471 724 366 806 684 1421 614 66 100 698 503 773 199 240 345 Core 55 | 4 . . . . . 1 . . . . . . . . . . . . . . . 50 Treads 6246 | 1 583 735 368 629 1397 . . . . . . . . 486 66 100 392 . 755 199 240 295 Legs 491 | . . . . . 136 . . . . . . . . . . . 306 49 . . . . Wheels 265 | 85 180 . . . . . . . . . . . . . . . . . . . . . Hover . | . . . . . . . . . . . . . . . . . . . . . . . Flight 10881 | . . . . . 150 3490 169 2471 724 366 806 684 1421 128 . . . 454 18 . . . Fastest Speed 24 | 50 100 160 160 240 50 50 50 50 50 50 50 50 50 50 160 160 160 24 97 162 163 50 Average Speed 111 | 98 151 160 165 315 222 50 50 50 77 50 50 50 50 142 160 160 219 92 211 162 163 146 Slowest Speed 750 | 160 240 160 240 320 480 750 50 555 150 50 50 50 150 240 160 160 320 546 400 243 163 163 Overloaded Moves . | . . . . . . . . . . . . . . . . . . . . . . . Propulsion Burnouts . | . . . . . . . . . . . . . . . . . . . . . . . Robots Hopped 12 | . . . . . . 5 . 6 . . . . 1 . . . . . . . . . Cave-ins Triggered . | . . . . . . . . . . . . . . . . . . . . . . . Exploration Rate (%) 69 | 5 97 99 68 89 94 75 86 68 80 64 85 70 33 72 20 79 86 10 75 77 98 60 Regions Visited 22 Branch Regions 15 Pre-discovered Areas 9 | . 1 . 1 . . . . . 1 . 2 1 . 2 . 1 . . . . . . Known Exits Taken 6 | . . . . . . . . 1 1 . . 1 1 . . . 1 1 . . . . Unknown Exits Taken 14 | 1 1 1 1 1 1 . . . . 1 1 . . 1 1 1 . . 1 1 1 . Scrap Searched 17 | . . 3 . 3 . . . . . 2 3 1 . 3 . . 2 . . . . . Spaces Dug 45 | . . . . . 10 3 . 21 . . . . 7 . . . 4 . . . . . Terrain Destroyed 930 | . 8 . . . 30 6 . 62 66 . . 3 51 12 . . 12 8 52 3 16 601 Melee 8 | . . . . . . 2 . 1 . . . . 5 . . . . . . . . . Projectile 139 | . . . . . 5 4 . 5 9 . . 3 7 12 . . 12 8 34 3 16 21 AOE 783 | . 8 . . . 25 . . 56 57 . . . 39 . . . . . 18 . . 580 Terrain Rammed . | . . . . . . . . . . . . . . . . . . . . . . . Walls Destroyed . | . . . . . . . . . . . . . . . . . . . . . . . Machines Disabled . | . . . . . . . . . . . . . . . . . . . . . . . Actions | -11 -10 -10 -10 -9 -8 -7 -7 -7 -7 -7 -7 -6 -6 -6 -6 -6 -5 -5 -5 -5 -5 -5 --------- Run | Yrd Mat Min Exi Min Mat Fac Was Fac Low Low Zio Pro Fac Low Low Dat Pro Fac Ext Cet Arc Hub Total 20986 | 115 1012 799 385 736 2370 3793 184 2650 767 373 1000 914 1585 666 65 102 777 567 1025 347 358 396 Wait 1292 | . 105 38 . 40 314 97 12 24 2 . 171 182 58 15 . . 16 5 41 96 74 2 Move 17894 | 89 762 734 367 628 1682 3481 168 2459 723 365 805 683 1418 613 65 99 697 502 772 198 239 345 Hop 11 | . . . . . . 5 . 5 . . . . 1 . . . . . . . . . Pick Up 221 | 8 24 2 1 15 50 37 . 11 4 2 4 7 13 3 . . 3 10 19 5 3 . Fast Attach 114 | 6 9 . . . 19 18 2 5 . 1 4 . 7 4 . . 3 3 17 10 5 1 Attach 73 | 1 2 . . 1 18 6 . . 1 . 5 5 5 2 . . 4 10 12 1 . . Detach 23 | . . . . . 2 2 . . . . 1 1 4 1 . . 1 5 4 2 . . Swap 170 | . 7 3 7 5 31 41 . 10 4 . 2 . 12 2 . 2 6 2 21 7 4 4 Drop 292 | . 18 5 5 4 82 52 2 19 4 5 8 4 18 5 . . 2 4 27 22 5 1 Fire 703 | 11 85 17 . 42 172 21 . 17 29 . . 32 37 21 . . 45 26 71 6 28 43 Melee 97 | . . . 5 1 . 33 . 19 . . . . 6 . . 1 . . 32 . . . Ram . | . . . . . . . . . . . . . . . . . . . . . . . Kick . | . . . . . . . . . . . . . . . . . . . . . . . Crush . | . . . . . . . . . . . . . . . . . . . . . . . Escape Stasis 57 | . . . . . . . . 49 . . . . . . . . . . 8 . . . Rewire 1 | . . . . . . . . . . . . . . . . . . . 1 . . . Trap 38 | . . . . . . . . 32 . . . . 6 . . . . . . . . . Miscellaneous . | . . . . . . . . . . . . . . . . . . . . . . . Route ------- -11/Scrapyard -10/Materials (discovered 4 exits: [*Mat x2] / *Min x2) -10/Mines (discovered 3 exits: [*Mat x2] / *Exi) -10/Exiles -9/Mines -8/Materials (discovered 2 exits: *Fac x2) -7/Factory (discovered 5 exits: *Fac x3 / *Low x2) -7/Waste -7/Factory (discovered 6 exits: *Fac x4 / *Low x2) -7/Lower Caves -7/Lower Caves -7/Zion -6/Proximity Caves -6/Factory (discovered 3 exits: *Fac x2 / *Low) -6/Lower Caves -6/Lower Caves (discovered 2 exits: Fac / *Dat) -6/Data Miner -5/Proximity Caves -5/Factory (discovered 3 exits: Fac x2 / *Ext) -5/Extension (discovered 2 exits: *Fac / *Cet) -5/Cetus (discovered 2 exits: *Fac / *Arc) -5/Archives (discovered 3 exits: *Fac / *Hub x2) -5/Hub_04(d) History --------- Turn | Location | Event 48 | -11/Scrapyard | Discovered new exit (range 16) 140 | -11/Scrapyard | Entered Materials 301 | -10/Materials | Discovered new exit (range 16) 309 | -10/Materials | Build established: Mutant 1082 | -10/Materials | Discovered new exit (range 6) 1250 | -10/Materials | Central database locked down 1255 | -10/Materials | Discovered new exit (range 8) 1468 | -10/Materials | Discovered new exit (range 15) 1617 | -10/Materials | Repaired Lgt. Treads 1645 | -10/Materials | Repaired Lgt. Treads 1711 | -10/Materials | Entered Mines 1714 | -10/Mines | Received a Mining Laser from a helpful Derelict 1908 | -10/Mines | Deemed a non-threat by the Exiles lab entrance 1908 | -10/Mines | Discovered new exit (range 5) 2009 | -10/Mines | Discovered new exit (range 11) 2198 | -10/Mines | Learned Materials garrison access intel 2271 | -10/Mines | Found the Drone Emporium 2283 | -10/Mines | Found Prototype Device 2336 | -10/Mines | Discovered new exit (range 7) 2983 | -10/Mines | Entered Exiles 3022 | -10/Exiles | Met 8R-AWN 3049 | -10/Exiles | Met EX-HEX 3180 | -10/Exiles | Met EX-BIN 3309 | -10/Exiles | Aligned with FarCom system 3311 | -10/Exiles | Given EX-Vault access code 3348 | -10/Exiles | Opened EX-Vault 3367 | -10/Exiles | Found Flying Fortress v7 3402 | -10/Exiles | Warned to stay clear of 0b10 Research branches 3446 | -10/Exiles | Met EX-DEC 3489 | -10/Exiles | Learned location of Zion (-7) 3585 | -10/Exiles | Discovered new exit (range 14) 3612 | -10/Exiles | Left Exiles lab with Flying Fortress v7 3612 | -10/Exiles | Entered Mines 3712 | -9/Mines | YI-UF0 nonchalantly dropped a Grenade Launcher on the ground 3858 | -9/Mines | Murdered YI-UF0 3858 | -9/Mines | Destroyed YI-UF0 3865 | -9/Mines | Found YI-UF0's Doublenader 3872 | -9/Mines | Found YI-UF0's Bottomless Matter Pit 3908 | -9/Mines | Core integrity fell below 50% 4559 | -9/Mines | Excavation squad dispatched 4559 | -9/Mines | A large section of the Mines collapsed 4774 | -9/Mines | Learned Materials terminal intel 4809 | -9/Mines | Excavation squad dispatched 4900 | -9/Mines | Found a hidden stash of uninstalled traps 5059 | -9/Mines | Excavation squad dispatched 5309 | -9/Mines | Excavation squad dispatched 5473 | -9/Mines | Assisted by bots powering up and referring to "LRC-V3" 5559 | -9/Mines | Excavation squad dispatched 5741 | -9/Mines | Discovered new exit (range 5) 5784 | -9/Mines | Entered Materials 5784 | -8/Materials | Accompanied by 3 allies 5784 | -8/Materials | Evolved 4 slots: Propulsion x2, Utility x2 5785 | -8/Materials | Loaded intel: 12 terminal locations 5786 | -8/Materials | Loaded intel: 1 garrison access location 5789 | -8/Materials | Identified Decoy Drone Bay 6309 | -8/Materials | Build established: Scavenger-Mutant 6662 | -8/Materials | Lost 3 parts (1p1n1u) 7184 | -8/Materials | Discovered new exit (range 10) 7235 | -8/Materials | Garrison activated, responded to threat 7237 | -8/Materials | Build established: Mutant 7638 | -8/Materials | Build established: Scavenger-Mutant 9521 | -8/Materials | Discovered new exit (range 16) 9876 | -8/Materials | Build established: Mutant 10491 | -8/Materials | Entered Factory 10491 | -7/Factory | Evolved 2 slots: Utility x2 10824 | -7/Factory | Identified exit to DSF 10840 | -7/Factory | Garrison activated, responded to threat 10953 | -7/Factory | Fabricated Imp. Transmission Jammer? 11158 | -7/Factory | Discovered new exit (range 5) 11398 | -7/Factory | Identified exit to Lower Caves 11720 | -7/Factory | Discovered new exit (range 7) 11956 | -7/Factory | Repaired ECM Suite 12220 | -7/Factory | Discovered new exit (range 19) 12634 | -7/Factory | Manually triggered Chute Trap 12634 | -7/Factory | Sucked down chute 12634 | -7/Factory | Entered Waste 12638 | -7/Waste | Spotted C-40 Crusher 12638 | -7/Waste | Spotted C-40 Crusher 12639 | -7/Waste | Spotted C-40 Crusher 12642 | -7/Waste | Spotted C-40 Crusher 12642 | -7/Waste | Spotted C-40 Crusher 12649 | -7/Waste | 1 allies followed down the chute 12689 | -7/Waste | Spotted C-40 Crusher 12692 | -7/Waste | Build established: Hacker-Mutant 12728 | -7/Waste | Discovered new exit (range 12) 12735 | -7/Waste | Entered Factory 12836 | -7/Factory | Fabricated Imp. Trap Extractor? 12848 | -7/Factory | Found Rocket Array 13189 | -7/Factory | Discovered new exit (range 9) 13303 | -7/Factory | Discovered new exit (range 5) 13376 | -7/Factory | Identified exit to Factory 13401 | -7/Factory | Fabricated Cld. Particle Cannon? 13473 | -7/Factory | Discovered exit to Lower Caves (range 20) 13704 | -7/Factory | Discovered exit to Lower Caves (range 17) 14224 | -7/Factory | Entered Lower Caves 14229 | -7/Lower Caves | Identified exit to Lower Caves 14873 | -7/Lower Caves | Encountered a Warlord checkpoint 14886 | -7/Lower Caves | Entered another Lower Caves area 14900 | -7/Lower Caves | Learned location of 1 exit from Factory 14926 | -7/Lower Caves | Found Prototype Device 14926 | -7/Lower Caves | Identified Heart of Steel 15027 | -7/Lower Caves | Encountered a Warlord checkpoint 15043 | -7/Lower Caves | Learned Factory trap positions 15055 | -7/Lower Caves | Discovered new exit (range 11) 15075 | -7/Lower Caves | Entered Zion 15110 | -7/Zion | Discovered new exit (range 15) 15144 | -7/Zion | Learned Factory emergency access door positions 15164 | -7/Zion | Learned 8 Factory zone layouts 15186 | -7/Zion | Learned location of Warlord (-5) 15193 | -7/Zion | Received a visual enhancement algorithm 15229 | -7/Zion | Given the Hacking Drone Bay 15242 | -7/Zion | Build established: Mutant 15449 | -7/Zion | Gained Derelict followers 15671 | -7/Zion | Entered Proximity Caves 15671 | -6/Proximity Caves | Accompanied by 5 allies 15793 | -6/Proximity Caves | Heart of Steel transformed into Warbot 15806 | -6/Proximity Caves | Learned location of Extension (-5) 15896 | -6/Proximity Caves | Spotted B-75 Beast 15931 | -6/Proximity Caves | Allies destroyed B-75 Beast 16193 | -6/Proximity Caves | Discovered exit to Factory (range 5) 16274 | -6/Proximity Caves | Entered Factory 16274 | -6/Factory | Accompanied by 3 allies (Warbot) 16274 | -6/Factory | Evolved 2 slots: Utility x2 16275 | -6/Factory | Identified exit to Factory 16276 | -6/Factory | Identified exit to Lower Caves 16277 | -6/Factory | Loaded intel: 96 trap records 16624 | -6/Factory | First assault squad dispatched 16643 | -6/Factory | Build established: Hacker-Mutant 16744 | -6/Factory | Fabricated Cld. VTOL Module? 16872 | -6/Factory | Discovered exit to Factory (range 12) 17209 | -6/Factory | Entered Lower Caves 17209 | -6/Lower Caves | Accompanied by 1 ally (Warbot) 17236 | -6/Lower Caves | Learned Factory security intel 17341 | -6/Lower Caves | Found Imp. Powered Armor 17346 | -6/Lower Caves | Found Imp. Powered Armor 17467 | -6/Lower Caves | Learned location of 1 exit from Factory 17467 | -6/Lower Caves | Learned 8 Factory zone layouts 17467 | -6/Lower Caves | Learned 8 Research zone layouts 17467 | -6/Lower Caves | Learned Research emergency access door positions 17467 | -6/Lower Caves | Learned Factory stockpile data 17550 | -6/Lower Caves | Learned Factory interactive machine intel 17562 | -6/Lower Caves | Attracted the attention of an 0b10 checkpoint 18029 | -6/Lower Caves | Discovered new exit (range 6) 18178 | -6/Lower Caves | Entered another Lower Caves area 18279 | -6/Lower Caves | Discovered new exit (range 2) 18282 | -6/Lower Caves | Entered Data Miner 18282 | -6/Data Miner | Discovered new exit (range 6) 18306 | -6/Data Miner | Met Data Miner 18342 | -6/Data Miner | Learned location of Section 7 (-2) 18342 | -6/Data Miner | Acquired the access code to Warlord's prototype stash 18370 | -6/Data Miner | Received God Mode back door access code from Data Miner 18445 | -6/Data Miner | Entered Proximity Caves 18880 | -5/Proximity Caves | Build established: Scavenger-Mutant 19740 | -5/Proximity Caves | Spotted B-75 Beast 19894 | -5/Proximity Caves | Destroyed B-75 Beast 20149 | -5/Proximity Caves | Entered Factory 20149 | -5/Factory | Evolved 2 slots: Propulsion x1, Utility x1 20150 | -5/Factory | Identified exit to Factory 20151 | -5/Factory | Identified exit to Extension 20155 | -5/Factory | Loaded intel: 54 interactive machine locations 20242 | -5/Factory | Fabricated Cld. Nuclear Pulse Thruster? 20390 | -5/Factory | Fabricated Cld. Nuclear Pulse Thruster (x1) 20430 | -5/Factory | Incoming investigation squad redirected 20477 | -5/Factory | Repaired Imp. Powered Armor? 20728 | -5/Factory | Entered Extension 20844 | -5/Extension | Lost 3 parts (1p1n1w) 21303 | -5/Extension | Rescued a captive Derelict 21345 | -5/Extension | Spotted B-75 Beast 21491 | -5/Extension | Rescued a captive Derelict 21492 | -5/Extension | Rescued a captive Derelict 21983 | -5/Extension | Spotted B-75 Beast 22016 | -5/Extension | Allies destroyed B-75 Beast 22017 | -5/Extension | Allies destroyed B-75 Beast 22043 | -5/Extension | Lost 6 allies 22053 | -5/Extension | Disrupted transfer network 22150 | -5/Extension | Destroyed 8 combat bots 22179 | -5/Extension | Lost 3 allies 22368 | -5/Extension | Rescued A7 22535 | -5/Extension | Rescued a captive Derelict 22637 | -5/Extension | Lost 5 allies 22737 | -5/Extension | Discovered exit to Factory (range 10) 22740 | -5/Extension | Discovered new exit (range 6) 22769 | -5/Extension | Entered Cetus 22769 | -5/Cetus | Accompanied by 8 allies (A7) 22774 | -5/Cetus | Acquired a Cetus Manufacturing Module code from A7 22790 | -5/Cetus | Spotted Cetus Guard 22790 | -5/Cetus | Spotted Cetus Guard 22792 | -5/Cetus | Destroyed Cetus Guard 22793 | -5/Cetus | Spotted Cetus Guard 22794 | -5/Cetus | Spotted Cetus Guard 22795 | -5/Cetus | Allies destroyed Cetus Guard 22798 | -5/Cetus | Destroyed Cetus Guard 22812 | -5/Cetus | Allies destroyed Cetus Guard 22844 | -5/Cetus | Lost 3 allies 23052 | -5/Cetus | Escorted A7 to Cetus Mainframe 23064 | -5/Cetus | Started Cetus Manufacturing Module 23083 | -5/Cetus | Discovered new exit (range 15) 23089 | -5/Cetus | Manufactured an Enhanced Grunt 23113 | -5/Cetus | Spotted Cetus Guard 23113 | -5/Cetus | Spotted Cetus Guard 23114 | -5/Cetus | Manufactured an Enhanced Grunt 23116 | -5/Cetus | Spotted Cetus Guard 23117 | -5/Cetus | Destroyed Cetus Guard 23121 | -5/Cetus | Spotted Cetus Guard 23125 | -5/Cetus | Allies destroyed Cetus Guard 23129 | -5/Cetus | Allies destroyed Cetus Guard 23129 | -5/Cetus | Destroyed Cetus Guard 23135 | -5/Cetus | Discovered exit to Factory (range 15) 23139 | -5/Cetus | Manufactured an Enhanced Grunt 23149 | -5/Cetus | Met Revision 17 23154 | -5/Cetus | System corruption reached 10% 23160 | -5/Cetus | Lost 3 allies 23164 | -5/Cetus | Manufactured an Enhanced Grunt 23189 | -5/Cetus | Manufactured an Enhanced Grunt 23247 | -5/Cetus | Entered Archives 23247 | -5/Archives | Accompanied by 7 allies (A7) 23255 | -5/Archives | Received a hacking code to weaken MAIN.C 23293 | -5/Archives | Unable to access archive contents 23308 | -5/Archives | Unable to access archive contents 23308 | -5/Archives | Unable to access archive contents 23315 | -5/Archives | Discovered exit to Factory (range 14) 23466 | -5/Archives | Discovered new exit (range 16) 23654 | -5/Archives | Discovered new exit (range 16) 23813 | -5/Archives | Entered Hub_04(d) 23813 | -5/Hub_04(d) | Accompanied by 6 allies 24113 | -5/Hub_04(d) | First assault squad dispatched 24245 | -5/Hub_04(d) | Lost 4 allies 24421 | -5/Hub_04(d) | Network Hub disabled 24421 | -5/Hub_04(d) | Spotted B-75 Beast 24421 | -5/Hub_04(d) | Network Hub disabled 24426 | -5/Hub_04(d) | Spotted Lightning 24428 | -5/Hub_04(d) | Released all parts (10) 24431 | -5/Hub_04(d) | Core integrity fell below 50% 24439 | -5/Hub_04(d) | Spotted Lightning 24442 | -5/Hub_04(d) | Incoming assault squad redirected 24444 | -5/Hub_04(d) | Incoming assault squad redirected 24446 | -5/Hub_04(d) | Incoming assault squad redirected 24452 | -5/Hub_04(d) | Network Hub disabled 24452 | -5/Hub_04(d) | Network Hub disabled 24453 | -5/Hub_04(d) | Core integrity fell below 20% 24456 | -5/Hub_04(d) | Destroyed by Lightning with EMDS Last Messages --------------- 24429_ Penetrated by EMDS Slug. 24442_ ALERT: Higher priority target reported, redirecting assault. 24451_ Acquired Lrn. Proton Cannon. 24452_ ALERT: Network intrusion management efficiency at 65%. 24452_ Network Hub explodes. 24452_ Terminal disabled. 24452_ Imp. Ion Engine fried. 24452_ Com. Wheel fried. 24452_ Unknown Device fried. 24452_ R-10 Processor destroyed. 24452_ ALERT: Network intrusion management efficiency at 63%. 24452_ Lrn. Proton Cannon destroyed. 24452_ Destroyed Lrn. Proton Cannon. 24452_ Penetrated by EMDS Slug. 24453_ ALERT: Construction progress impeded, dispatching reinforcements to local area. 24454_ Penetrated by EMDS Slug. Map ----- +----------------------------------------------------+ | ????????????#! """" # #??????????? | | ????????????#? """" # ##?????????? | | ???????????????"""" " # "#?????????? | | ????????????????""" """ # "###???????? | | ???????????????? # ! |% ??????? | | ???????????????###/####### !%= ! ??????? | | ???????????? |! ??????? | | ???????????? ####"###????????? | | ???????????????#######+#### #???? ??????????? | | ??????????????????????????# #???????????????? | | ??????????????????????????#h #???????????????? | | ????????????????????????? " #???????????????? | | ???????????????????????? " +???????????????? | | ???????????????? ????? " #####???????????????? | | ????????????????? ??? ; ;#??????????????????? | | ??????????????????""" ?? !; ;#??????????????????? | | ??????????????????""" ; ;#????????? ???????? | | ?????????????????"""" ; ;#????????"""???????? | | ?????????????????"""" ; ;#??????? ??????? | | ???????????????????#######; ;#??????" ??????? | | ????????????##############; ;#?###? " ?????? | | ????????????# ; ;## # " ?????? | | ????????????# ; #;;; ?????? | | ????????????# ! %= ????? | | ????????????# [ ????? | | ??????????????####### @ ;; ???? | | ??????????????????# ; ???? | | ?????????????????# ; ???? | | ?????????????????# ; ???? | | ?????????????????# ;;;""""""???? | | ?????????????????## ????? | | ??????????????????# ????? | | ??????????????????# #######?????? | | ?????????????????# #???????????? | | ?????????????????## #???????????? | | ??????????????????# #???????????? | | ??????????????????## #???????????? | | ???????????????????# ; #???????????? | | ???????????????????# #???????????? | | ???????????????????# #???????????? | | ??????????????????????################???????????? | | ?????????????????????????????????????????????????? | | ?????????????????????????????????????????????????? | | ?????????????????????????????????????????????????? | | ?????????????????????????????????????????????????? | | ?????????????????????????????????????????????????? | | ?????????????????????????????????????????????????? | | ?????????????????????????????????????????????????? | | ?????????????????????????????????????????????????? | | ?????????????????????????????????????????????????? | +----------------------------------------------------+ Best States ------------- Heat Dissipation 78 Coolant Potential 80 Energy Generation 25 Energy Capacity 350 Matter Stores 300 Matter Capacity 300 Sight Range 20 Terrain Scan Density 10 ECM Strength 2 Jamming Range 14 Armor Coverage 1025 Resistance: TH 10 Core Shielding 20 Propulsion Shielding 66 Evasion (%) 68 Targeting Accuracy 5 Target Analysis 6 Core Analysis 6 Armor Integrity Analysis 30 Recoil Reduction 5 Energy Filtering 50 Offensive Hacking 26 Defensive Hacking 14 Authchip Count 2 Item Schematics ----------------- Core Analyzer | -8/Materials | Scanalyzed ECM Suite | -8/Materials | Scanalyzed Adv. Cooling System | -7/Factory | Hacked Angular Momentum Engine | -7/Factory | Hacked Imp. Reaction Control System | -7/Factory | Hacked Transmission Jammer | -7/Factory | Hacked Hacking Suite | -7/Factory | Hacked Imp. Weapon Cycler | -7/Factory | Hacked Imp. Medium Armor Plating | -7/Factory | Hacked Cld. VTOL Module | -7/Factory | Scanalyzed Antimatter Cannon | -6/Factory | Scanalyzed Imp. Medium Treads | -6/Factory | Scanalyzed Mak. ECM Suite | -6/Factory | Scanalyzed Med. Treads | -6/Factory | Scanalyzed Imp. Propulsion Shielding | -6/Factory | Hacked Combat Drone Bay | -6/Data Miner | Free Lgt. Regenerative Plating | -6/Data Miner | Free Cld. Nuclear Pulse Thruster | -6/Data Miner | Free Imp. Thermal Defense Suite | -6/Data Miner | Free Hvy. Proton Cannon | -6/Data Miner | Free Imp. Gyrokinetic Inverter | -6/Data Miner | Free Heavy Servo Lattice | -6/Data Miner | Free HERF Cannon | -6/Data Miner | Free Dispersion Rifle | -6/Data Miner | Free Com. HERF Cannon | -6/Data Miner | Free Adv. Hacking Suite | -5/Hub_04(d) | Hacked Robot Schematics ------------------ S-27 Virus | -7/Factory | Hacked M-14 Sweeper | -7/Factory | Hacked L-41 Fighter | -6/Data Miner | Free B-48 Gladiator | -6/Data Miner | Free Y-54 Guardian | -6/Data Miner | Free B-60 Warrior | -6/Data Miner | Free A-27 Freighter | -6/Data Miner | Free R-10 Processor | -6/Data Miner | Free Fabricated ------------ Imp. Transmission Jammer | x1 | -7/Factory | Preloaded Imp. Trap Extractor | x2 | -7/Factory | Preloaded Cld. Particle Cannon | x1 | -7/Factory | Preloaded Cld. VTOL Module | x1 | -6/Factory Cld. Nuclear Pulse Thruster | x1 | -5/Factory | Authchip Cld. Nuclear Pulse Thruster | x1 | -5/Factory | Authchip Alien Tech Used ----------------- None Achievements -------------- Main Advantage Overkill Challenges ------------ None Game ------ Seed TerrainConstructMinigun Manual? 0 Play Time 05:13:13 Cumulative 166.8 hours Start 2024.06.21 @ 17:52:36 End 2024.06.25 @ 14:02:40 Sessions 15 Manual Loads 0 Difficulty Rogue Special Mode None Game No. 140 Rogue 135 Adventurer 5 Explorer 0 Win Type - Total 3 Types 2/0/1/0/0/0/0/0/0 Lore% 64 Gallery% 76 Achievement% 55 Wizard Run 0 Options --------- Layout 2 ASCII 0 Keyboard 0 Movement Mouse Keybinds 0 Fullscreen 2 Font 24/Smallcaps Map View 50x44 Zoom Use 0% Tactical HUD 1 Map Filters NONE Filters NONE Steam 1 RUN: b789d650-2919-4261-8c4c-9239ff790024